 Dungeon Crawl Stone Soup version 0.28.0-53-g5a82cb258f (webtiles) character file.

Game seed: 6768121080305842461

67795 DocClef the Warrior (level 15, -7/106 HPs)
             Began as a Gargoyle Monk on July 9, 2022.
             Was a High Priest of Okawaru.
             Mangled by an orc warlord
             ... wielding a +3 battleaxe
              (23 damage)
             ... in the Arena on July 10, 2022.
             The game lasted 00:37:11 (26547 turns).

DocClef the Warrior (Gargoyle Monk)                Turns: 26547, Time: 00:37:12

Health: -7/106     AC: 36    Str: 27    XL:     15   Next: 24%
Magic:  9/22       EV: 21    Int: 13    God:    Okawaru [*****.]
Gold:   1568       SH:  0    Dex: 14    Spells: 14/14 levels left

rFire   . . .      SeeInvis .   i - +1 flail (vorpal)
rCold   . . .      Faith    .   (no shield)
rNeg    + . .      Spirit   .   g - +3 scale mail of Goutywnu {+Blink rPois Str+5 Int+2}
rPois   ∞          Reflect  .   (helmet restricted)
rElec   +          Harm     .   r - +0 cloak
rCorr   .          Rampage  ∞   w - +0 pair of gloves
Will    +....                   b - +3 pair of seven-league boots {Rampage+∞}
Stlth   +++.......              (no amulet)
HPRegen 0.27/turn               k - +4 ring of evasion
MPRegen 0.18/turn               R - +4 ring of protection

@: mighty, heroic, finesse-ful, flying, duelling, unable to read
A: sickness immunity, AC +11, big wings, negative energy resistance 1,
electricity resistance, torment resistance 1, petrification resistance, horns 1,
talons 1, thin skeletal structure 1, inability to read while threatened
a: Renounce Religion, Evoke Blink, Heroism, Finesse, Duel


You were in the Arena.
You worshipped Okawaru.
Okawaru was extremely pleased with you.
You visited 4 branches of the dungeon, and saw 19 of its levels.
You also visited: Sewer.

You collected 1568 gold pieces.

Inventory:

Hand Weapons
 f - a +0 morningstar
 i - a +1 vorpal flail (weapon)
 B - a +0 whip of venom
Missiles
 o - 3 curare-tipped darts
 M - 12 javelins
 N - 3 throwing nets (quivered)
Armour
 b - the +3 pair of seven-league boots (worn) {Rampage+∞}
   (Okawaru gifted it to you on level 6 of the Lair of Beasts)

   Its wearer moves as far as possible in that direction when moving towards
   enemies.
 g - the +3 scale mail of Goutywnu (worn) {+Blink rPois Str+5 Int+2}
   (Okawaru gifted it to you on level 3 of the Lair of Beasts)

   Str:       It affects your strength (+5).
   Int:       It affects your intelligence (+2).
   rPois:     It protects you from poison.
   +Blink:    It lets you blink.
 l - a +2 scale mail of fire resistance
 r - a +0 cloak (worn)
 w - a +0 pair of gloves (worn)
 J - the +0 scale mail of Sin {rCorr}
   (Okawaru gifted it to you on level 1 of the Lair of Beasts)

   rCorr:     It protects you from acid and corrosion.
 K - a +0 pair of boots
Jewellery
 k - a +4 ring of evasion (left hand)
 m - a ring of positive energy
 D - a ring of resist corrosion
 H - a ring of willpower
 Q - a +6 ring of dexterity
 R - a +4 ring of protection (right hand)
 S - a +6 ring of dexterity
Wands
 e - a wand of iceblast (8)
 p - a wand of polymorph (7)
 x - a wand of acid (7)
 L - a wand of paralysis (11)
 O - a wand of flame (20)
Scrolls
 d - 2 scrolls of fog
 j - 6 scrolls of teleportation
 n - 3 scrolls of blinking
 s - a scroll of amnesia
 t - 9 scrolls of identify
 u - 2 scrolls of immolation
 v - 4 scrolls of enchant weapon
 y - 2 scrolls of fear
 z - a scroll of holy word
 A - a scroll of torment
 I - a scroll of vulnerability
Potions
 a - a potion of cancellation
 c - a potion of resistance
 h - a potion of magic
 q - 8 potions of curing
 C - 2 potions of might
 E - 3 potions of brilliance
 F - a potion of lignification
Miscellaneous
 G - a condenser vane


   Skills:
 + Level 16.9(21.9) Fighting
 - Level 14.0(19.0) Maces & Flails
 - Level 10.4(15.4) Armour
 - Level 10.3(15.3) Dodging
 - Level 2.1(7.1) Stealth
 - Level 9.5 Invocations


You had 14 spell levels left.
You didn't know any spells.
Your spell library contained the following spells:

 Spells                   Type           Power      Damage    Failure   Level
 Beastly Appendage        Tmut           0%         N/A       47%         1
 Freeze                   Ice            0%         1d3       47%         1
 Pain                     Necr           0%         1d4       47%         1
 Blink                    Tloc           0%         N/A       63%         2
 Ensorcelled Hibernation  Hex/Ice        0%         N/A       63%         2
 Passwall                 Tmut/Erth      0%         N/A       63%         2
 Static Discharge         Conj/Air       0%         N/A       63%         2
 Wereblood                Tmut           0%         N/A       63%         2
 Conjure Flame            Conj/Fire      0%         6-21      85%         3
 Dazzling Flash           Conj/Hex       0%         N/A       85%         3
 Frozen Ramparts          Ice            0%         1d2       85%         3
 Ignite Poison            Fire/Tmut/Pois 0%         N/A       85%         3
 Spider Form              Tmut/Pois      0%         N/A       85%         3
 Swiftness                Air            0%         N/A       85%         3
 Vampiric Draining        Necr           0%         2d6       85%         3
 Dispel Undead            Necr           0%         3d6       99%         4
 Hailstorm                Conj/Ice       0%         3d3       99%         4
 Iskenderun's Mystic Bla  Conj/Tloc      0%         2d3       99%         4
 Passage of Golubria      Tloc           0%         N/A       99%         4
 Sticky Flame             Conj/Fire      0%         2d3       99%         4
 Agony                    Necr           0%         N/A       100%        5
 Manifold Assault         Tloc           0%         N/A       100%        5
 Silence                  Hex/Air        0%         N/A       100%        5
 Starburst                Conj/Fire      0%         6d3       100%        6
 Storm Form               Tmut/Air       0%         N/A       100%        7
 Lehudib's Crystal Spear  Conj/Erth      0%         10d2      100%        8
 Animate Skeleton         Necr           Unusable   N/A       N/A         1

Dungeon Overview and Level Annotations

Branches:
Dungeon (11/15)            Temple (1/1) D:5            Lair (6/6) D:9
  Swamp (0/4) Lair:4       Spider (0/4) Lair:4        Slime (0/5) Lair:6
    Orc (1/2) D:11          Sewer (visited)

Altars:
Ashenzari
Cheibriados
Dithmenos
Elyvilon
Fedhas
Gozag
Hepliaklqana
Kikubaaqudgha
Makhleb
Nemelex Xobeh
Okawaru
Qazlal
Ru
Sif Muna
Trog
Uskayaw
Vehumet
Wu Jian
Xom
Yredelemnul
Zin
The Shining One

Shops:
D:8 [   D:10 ?:(*   D:11 [


Innate Abilities, Weirdness & Mutations

You are immune to sickness and miasma.
Your stone body is resilient. (AC +11)
You are immune to poison.
Your large and strong wings let you fly.
You resist negative energy. (rN+)
You are resistant to electric shocks. (rElec)
You are resistant to unholy torment.
You are immune to petrification.
You have a pair of small horns on your head.
You have sharp toenails.
You have a somewhat thin skeletal structure. (Dex +2, Stealth+)
You sometimes lose the ability to read scrolls when taking damage.


Message History

Aiming: Duel (19% risk of failure)
Press: ? - help, Dir - move target, f - orc warlord
Aim: an orc warlord, wielding a +3 battleaxe and wearing a +2 chain mail of fire resistance (strong)
You enter into single combat with the orc warlord!
The world spins around you as you enter the gateway.
You enter Okawaru's Arena!
The spectator shouts! x2
The orc warlord hits you with a +3 battleaxe!
You feel threatened and lose the ability to read scrolls!
Found a gate leading back out of this place.
There is an empty arch of ancient stone here.
The spectator shouts! x7
You hit the orc warlord but do no damage.
Your headbutt misses the orc warlord.
You feel very mighty all of a sudden.
The orc warlord hits you with a +3 battleaxe!!
You barely miss the orc warlord. Your headbutt misses the orc warlord.
The orc warlord hits you with a +3 battleaxe!!
* * * LOW HITPOINT WARNING * * *
You thump the orc warlord!
The orc warlord is lightly wounded.
You feel much better.
The orc warlord hits you with a +3 battleaxe!!
* * * LOW HITPOINT WARNING * * *
You sock the orc warlord!
The orc warlord is lightly wounded.
The orc warlord barely misses you.
Unknown command.
You bludgeon the orc warlord!!
The orc warlord is heavily wounded.
You hit the orc warlord.
You headbutt the orc warlord, but do no damage.
The orc warlord is heavily wounded.
You sock the orc warlord! You headbutt the orc warlord!
The orc warlord is severely wounded.
You sock the orc warlord! Your headbutt misses the orc warlord.
The orc warlord is severely wounded.
The orc warlord hits you with a +3 battleaxe!!
You die...
Okawaru crowns the orc warlord victorious!

###########
#..p▓p▓p..# ##
▓▓▓▓▓▓▓▓▓ ##
#.▓ ....... ▓.#
#.▓.#.....#.▓.#
#p▓.........▓p#
#▓▓....o....▓▓#
#p▓....@....▓∩#
#▓▓.........▓▓#
#p▓.........▓p#
#.▓.#.....#.▓.#
#.▓ ....... ▓.#
## ▓▓▓▓▓▓▓▓▓ ##
#..p▓p▓p..#
###########


You could see an orc warlord (strong).

Vanquished Creatures
  Kirke (Lair:4)
  An ettin (Orc:1)
  Harold (D:7)
  A boulder beetle (D:11)
  9 hydras
  3 catoblepae (Lair:6)
  4 two-headed ogres
  Urug (Lair:2)
  8 death yaks (Lair:6)
  Sonja (D:10)
  3 oklob plants
  A cyclops (D:10)
  12 elephants
  3 manticores
  A black mamba (Lair:4)
  Joseph (Lair:1)
  3 torpor snails
  6 rime drakes
  13 cane toads
  7 komodo dragons
  3 trolls
  2 tyrant leeches (Lair:4)
  4 polar bears
  2 hornets
  Grinder (D:5)
  Prince Ribbit (D:9)
  5 dream sheep (Lair:3)
  32 blink frogs
  Sigmund (D:3)
  2 shadows (D:11)
  4 wyverns
  3 wraiths
  79 yaks
  Grum (D:8)
  3 basilisks
  A redback (Lair:4)
  A steam dragon (D:8)
  5 hogs (Lair:4)
  A swamp worm (Lair:4)
  2 wargs (Orc:1)
  Menkaure (D:4)
  A vampire mosquito (D:10)
  22 water moccasins
  13 orc warriors
  2 black bears
  A hornet zombie (D:8)
  Pargi (Sewer)
  2 sky beasts (D:8)
  16 wolves
  7 centaurs
  4 ogres
  A phantom (D:5)
  2 kobold brigands (D:8)
  A gnoll sergeant (D:6)
  Blork the orc (D:6)
  15 bullfrogs
  3 scorpions
  2 water moccasin skeletons
  10 killer bees
  3 howler monkeys
  3 electric eels
  3 centaur zombies
  2 hounds (D:5)
  15 jellies
  11 orc priests
  2 bullfrog skeletons (D:6)
  An iguana (D:4)
  9 orc wizards
  Ijyb (D:4)
  A killer bee zombie (D:7)
  2 hound skeletons
  4 howler monkey zombies
  3 gnolls (D:6)
  A howler monkey skeleton (D:4)
  A river rat (D:4)
  5 adders
  A shadow imp (D:7)
  A white imp (D:8)
  An ufetubus (D:4)
  An adder skeleton (D:4)
  2 dart slugs
  2 worms
  37 orcs
  9 endoplasms
  3 giant cockroaches
  8 hobgoblins
  6 jackals (D:2)
  11 kobolds
  A quokka (D:1)
  7 ball pythons
  2 bats
  2 frilled lizards
  7 goblins
  4 rats
510 creatures vanquished.

Vanquished Creatures (others)
  41 fungi
  42 plants
83 creatures vanquished.

Grand Total: 593 creatures vanquished

Notes
Turn   | Place    | Note
-------+----------+-------------------------------------------
     0 | D:1      | DocClef the Gargoyle Monk began the quest for the Orb.
     0 | D:1      | Reached XP level 1. HP: 14/14 MP: 1/1
   492 | D:1      | Reached XP level 2. HP: 19/19 MP: 2/2
   904 | D:1      | Found a faded altar of an unknown god.
  1336 | D:2      | Reached XP level 3. HP: 5/23 MP: 3/3
  1699 | D:3      | Noticed Sigmund
  2571 | D:3      | Reached XP level 4. HP: 24/28 MP: 4/4
  2745 | D:3      | Killed Sigmund
  2746 | D:3      | Reached XP level 5. HP: 2/32 MP: 5/5
  2746 | D:3      | Reached XP level 6. HP: 3/37 MP: 6/6
  3444 | D:4      | Noticed Ijyb
  3447 | D:4      | Found a glowing drain.
  3557 | Sewer    | Entered a sewer
  3580 | Sewer    | Noticed Pargi
  3590 | Sewer    | Gained mutation: You have hidden genetic potential. [potion
                  | of mutation]
  3604 | Sewer    | Killed Pargi
  3924 | D:4      | Reached XP level 7. HP: 20/41 MP: 7/7
  3935 | D:4      | Killed Ijyb
  3937 | D:4      | Gained mutation: You have a pair of small horns on your
                  | head. [hidden potential]
  4832 | D:4      | Noticed Menkaure
  4840 | D:4      | Killed Menkaure
  5483 | D:5      | Entered Level 5 of the Dungeon
  5490 | D:5      | Reached XP level 8. HP: 31/46 MP: 8/8
  5711 | D:5      | Gained mutation: You have sharp toenails. [hidden
                  | potential]
  5711 | D:5      | Lost mutation: You have hidden genetic potential. [hidden
                  | potential expressed]
  5789 | D:5      | Reached skill level 10 in Maces & Flails
  5968 | D:5      | Noticed Grinder
  5980 | D:5      | Killed Grinder
  6208 | D:5      | Found a staircase to the Ecumenical Temple.
  6231 | D:5      | Reached XP level 9. HP: 46/51 MP: 9/9
  6272 | Temple   | Entered the Ecumenical Temple
  6483 | Temple   | Became a worshipper of Warmaster Okawaru
  6483 | Temple   | Reached * piety under Okawaru
  6483 | Temple   | Reached ** piety under Okawaru
  7035 | D:6      | Noticed Blork the orc
  7041 | D:6      | Killed Blork the orc
  9038 | D:7      | Noticed Harold
  9045 | D:7      | Reached skill level 4 in Fighting
  9052 | D:7      | Reached *** piety under Okawaru
  9073 | D:7      | Killed Harold
  9074 | D:7      | Reached skill level 7 in Fighting
  9074 | D:7      | Reached XP level 10. HP: 44/63 MP: 8/10
  9638 | D:8      | Reached skill level 8 in Fighting
  9799 | D:8      | Noticed a manticore
  9821 | D:8      | Killed a manticore
  9822 | D:8      | Reached skill level 9 in Fighting
  9838 | D:8      | Reached **** piety under Okawaru
  9850 | D:8      | Noticed a death knight
 10193 | D:8      | Found Xoxorph's Antique Armour Shoppe.
 10243 | D:8      | Found a shadowy altar of Dithmenos.
 10249 | D:8      | Reached skill level 10 in Fighting
 10416 | D:8      | Reached skill level 1 in Armour
 10417 | D:8      | Noticed Grum
 10432 | D:8      | Killed Grum
 10942 | D:8      | Reached skill level 5 in Armour
 11047 | D:9      | Reached ***** piety under Okawaru
 11048 | D:9      | Reached XP level 11. HP: 72/72 MP: 11/11
 11065 | D:9      | Found a staircase to the Lair.
 11371 | D:8      | Identified the +1 robe "Veodos" {rPois} (Okawaru gifted it
                  | to you on level 8 of the Dungeon)
 11371 | D:8      | Received a gift from Okawaru
 11463 | D:9      | Noticed Prince Ribbit
 11484 | D:9      | Killed Prince Ribbit
 11598 | D:9      | Found a stormy altar of Qazlal.
 11600 | D:9      | Noticed a two-headed ogre
 11606 | D:9      | Killed a two-headed ogre
 12142 | Lair:1   | Entered Level 1 of the Lair of Beasts
 12142 | Lair:1   | Noticed Joseph
 12242 | Lair:1   | Killed Joseph
 12329 | Lair:1   | Reached skill level 10 in Armour
 13219 | Lair:1   | Reached skill level 5 in Dodging
 13303 | Lair:1   | Reached XP level 12. HP: 62/77 MP: 12/12
 13390 | Lair:1   | Identified the +0 scale mail of Sin {rCorr} (Okawaru gifted
                  | it to you on level 1 of the Lair of Beasts)
 13390 | Lair:1   | Received a gift from Okawaru
 14347 | Lair:2   | Noticed Urug
 14366 | Lair:2   | Killed Urug
 14444 | Lair:2   | Noticed a seven-headed hydra
 14449 | Lair:2   | Killed a seven-headed hydra
 15544 | Lair:3   | Noticed a six-headed hydra
 15556 | Lair:3   | Killed a six-headed hydra
 15838 | Lair:3   | Lost mutation: You have a pair of small horns on your head.
                  | [potion of mutation]
 15838 | Lair:3   | Lost mutation: You have sharp toenails. [potion of
                  | mutation]
 15838 | Lair:3   | Gained mutation: You sometimes lose the ability to read
                  | scrolls when taking damage. [potion of mutation]
 15838 | Lair:3   | Gained mutation: You have a pair of small horns on your
                  | head. [potion of mutation]
 15838 | Lair:3   | Gained mutation: You have sharp toenails. [potion of
                  | mutation]
 15838 | Lair:3   | Gained mutation: You have a somewhat thin skeletal
                  | structure. (Dex +2, Stealth+) [potion of mutation]
 16451 | Lair:3   | Reached skill level 10 in Dodging
 16652 | Lair:3   | Reached XP level 13. HP: 78/82 MP: 13/13
 16762 | Lair:3   | Identified the +3 scale mail of Goutywnu {+Blink rPois
                  | Str+5 Int+2} (Okawaru gifted it to you on level 3 of the
                  | Lair of Beasts)
 16762 | Lair:3   | Received a gift from Okawaru
 16763 | Lair:3   | Reached skill level 1 in Invocations
 17128 | Lair:4   | Reached skill level 5 in Invocations
 17489 | Lair:4   | Noticed Kirke
 17683 | Lair:4   | Killed Kirke
 17943 | Lair:4   | Found a hole to the Spider Nest.
 19016 | Lair:4   | Found a staircase to the Swamp.
 19859 | Lair:5   | Gained mutation: Your large and strong wings let you fly.
                  | [Gargoyle growth]
 19859 | Lair:5   | Reached XP level 14. HP: 88/88 MP: 21/21
 19912 | Lair:5   | Reached ****** piety under Okawaru
 19942 | Lair:4   | Reached skill level 11 in Fighting
 20242 | Lair:4   | Received a gift from Okawaru
 20955 | Lair:6   | Entered Level 6 of the Lair of Beasts
 21089 | Lair:6   | Identified the +5 falchion of the Warrior {holy, Str+4
                  | Stlth+}
 21110 | Lair:6   | Reached skill level 12 in Fighting
 21299 | Lair:6   | Found a staircase to the Slime Pits.
 21658 | Lair:6   | Reached skill level 13 in Fighting
 22104 | Lair:6   | Received a gift from Okawaru
 22104 | Lair:6   | Found the +3 pair of seven-league boots {Rampage+∞}
 22122 | Lair:6   | Reached skill level 14 in Fighting
 23091 | Lair:6   | Identified the +11 hunting sling "Jivey" {freeze, rN++}
 23162 | Lair:6   | Reached skill level 15 in Fighting
 24176 | D:10     | Entered Level 10 of the Dungeon
 24187 | D:10     | Noticed Sonja
 24189 | D:10     | Killed Sonja
 24259 | D:10     | Reached XP level 15. HP: 83/104 MP: 14/22
 24348 | D:10     | Found a blossoming altar of Fedhas.
 24369 | D:10     | Found Efimy's Book Boutique.
 24449 | D:10     | Found Wuruynle's Magic Scroll Emporium.
 24541 | D:10     | Found Quthreum's Distillery.
 24598 | D:10     | Found a runed translucent door.
 24680 | D:10     | Reached skill level 16 in Fighting
 24682 | D:10     | Found Yhohiro's Antique Weapon Boutique.
 24747 | D:10     | Found Erosiwy's Assorted Antiques.
 25036 | D:11     | Found a staircase to the Orcish Mines.
 25337 | D:11     | Found Lyzett's Antique Armour Shop.
 26092 | Orc:1    | Entered Level 1 of the Orcish Mines
 26425 | Orc:1    | Received a gift from Okawaru
 26526 | Orc:1    | Noticed an orc warlord
 26537 | Arena    | Entered the Arena
 26547 | Arena    | Mangled by an orc warlord

Illustrated notes

Levels and vault maps discovered:
D:1:      amcnicky_arrival_abandoned_market, layout_rooms,
          shapermc_ecumenical_altar_mp_highgroup, chequers_jeans
D:2:      layout_basic, serial_bayou_ford_a
D:3:      layout_basic, kennysheep_nub, minmay_cupped, uniq_sigmund
D:4:      layout_cave_pods, portal_sewer_entry_c, uniq_menkaure, uniq_ijyb
D:5:      layout_cave_pools, minmay_temple_entry_crystal_x, uniq_grinder
D:6:      layout_layer_cave, uniq_blork_the_orc
D:7:      layout_basic, uniq_harold
D:8:      nzn_winding_woodlands_three_and_one
          [nzn_winding_woodlands_5x15_zeroes,
          nzn_winding_woodlands_5x15_river_crossing,
          nzn_winding_woodlands_5x15_pool,
          nzn_winding_woodlands_center_diamonds], layout_rooms,
          grunt_dithmenos_smoke, serial_shops, nicolae_stop_n_shop_2, uniq_grum
D:9:      layout_long_grid, nicolae_qazlal_scattered_showers,
          minmay_lair_entry_grove, uniq_prince_ribbit1
D:10:     layout_small_grid, mainiacjoe_overflow_surrounded_room, serial_shops,
          nicolae_shop_statue_plus, kennysheep_mini, nicolae_diamond_shop, shop,
          nicolae_inconvenience_store, minmay_st_funbox, uniq_sonja
D:11:     layout_layer_cave, orc_0_dummy, serial_shops, shop,
          hangedman_decor_clover_reticule
Temple:   mainiacjoe_temple_bowtie_tessellation
Lair:1:   layout_small_grid, beast_lair_carwin_9, uniq_joseph
Lair:2:   layout_roguey, uniq_urug
Lair:3:   layout_roguey, grunt_megastairs_3
Lair:4:   layout_hall_layers, palyth_hydra_swamp_entry, spider_nest_entry_webs,
          st_stairs_13, infiniplex_staircase_pool, uniq_kirke
Lair:5:   layout_hall_layers, lemuel_fruit_fields, lemuel_fruit_fields,
          lemuel_fruit_fields, grunt_megastairs_4, infiniplex_staircase_pool_2
Lair:6:   evilmike_catoblepas_cave, layout_regular_city,
          minmay_slime_entry_jelly_boxes
Orc:1:    layout_caves, minmay_orc_treasury
Arena

Skill      XL: |  1  2  3  4  5  6  7  8  9 10 11 12 13 14 15 |
---------------+----------------------------------------------+-----
Maces & Flails | 4 6 7 9 11 13 14 | 14.0
Fighting       | 7 10 15 16 | 16.9
Armour         | 5 10 | 10.4
Dodging        | 5 10 | 10.3
Invocations    | 9 |  9.5
Stealth        | |  2.1

Action                   |  1- 3 |  4- 6 |  7- 9 | 10-12 | 13-15 || total
-------------------------+-------+-------+-------+-------+-------++-------
Melee: Mace              |   131 |   111 |       |       |       ||   242
       Punch             |     3 |     4 |     7 |     8 |    37 ||    59
       Morningstar       |       |     9 |    33 |       |       ||    42
       Flail             |       |       |   173 |   725 |  1134 ||  2032
       Headbutt          |       |       |    54 |   149 |   338 ||   541
       Kick              |       |       |    53 |   129 |       ||   182
       Whip              |       |       |    92 |       |       ||    92
Throw: Throwing net      |       |       |       |     3 |       ||     3
Invok: Heroism           |       |       |     1 |     6 |    11 ||    18
       Finesse           |       |       |       |       |     8 ||     8
       Duel              |       |       |       |       |     1 ||     1
Evoke: Wand              |       |       |       |       |     8 ||     8
       Condenser vane    |       |       |       |       |     1 ||     1
  Use: Potion            |       |     5 |     1 |     1 |     2 ||     9
       Scroll            |       |     4 |       |       |    16 ||    20
 Stab: Sleeping          |     4 |       |       |       |     2 ||     6
       Distracted        |       |       |       |       |     1 ||     1
Armor: Robe              |    46 |       |       |       |       ||    46
       Scale mail        |     5 |    48 |   110 |   266 |   430 ||   859
Dodge: Dodged            |   100 |   110 |   189 |   495 |   995 ||  1889
